 Dungeon Crawl Stone Soup version 0.25-a0-972-g74ed164fb1 (webtiles) character file.

Game seed: 12179421983865202615, levelgen mode: deterministic

15794 Harbin the Fighter (level 12, -2/107 HPs)
             Began as a Demonspawn Monk on May 9, 2020.
             Was a High Priest of Qazlal.
             Slain by a 12-headed hydra (14 damage)
             ... on level 11 of the Dungeon.
             The game lasted 02:02:30 (10217 turns).

Harbin the Fighter (Demonspawn Monk)               Turns: 10217, Time: 02:02:35

Health: -2/107     AC: 15    Str: 16    XL:     12   Next: 4%
Magic:  24/24      EV: 19    Int: 12    God:    Qazlal [*****.]
Gold:   307        SH:  7    Dex: 26    Spells: 11/11 levels left

rFire    + . .     SeeInvis .     - Unarmed
rCold    . . .     Gourm    .   (no shield)
rNeg     . . .     Faith    .   W - +0 troll leather armour
rPois    .         Spirit   .   d - +0 helmet
rElec    .         Reflect  .   s - +0 cloak
rCorr    .         Harm     .   (gloves unavailable)
MR       .....                  G - +0 pair of boots
Stlth    +.........             a - amulet of regeneration
HPRegen  1.07/turn              P - ring "Toehitwo" {rF+ MP+9 Dex+10 Stlth-}
MPRegen  0.19/turn              r - +4 ring of slaying

@: mighty, protected from physical damage, repel missiles
A: claws 3, rugged brown scales 3, powered by death 1, rot immunity
a: Upheaval, Elemental Force, Disaster Area, Renounce Religion


You were on level 11 of the Dungeon.
You worshipped Qazlal.
Qazlal was extremely pleased with you.
You were not hungry.

You visited 2 branches of the dungeon, and saw 12 of its levels.

You collected 844 gold pieces.
You spent 537 gold pieces at shops.

Inventory:

Hand Weapons
 j - a +0 scythe
Missiles
 Q - 14 javelins (quivered)
Armour
 c - a +0 leather armour
 d - a +0 helmet (worn)
 f - a +0 leather armour
 g - a +0 pair of boots
 k - a +0 helmet
 l - a +2 robe
 q - a +0 scale mail
 s - a +0 cloak (worn)
 w - +3 steam dragon scales
 D - a +3 ring mail
 G - a +0 pair of boots (worn)
 J - the +2 ring mail of Wies {rF- MR+++ Str-2 Stlth+}
   (You found it on level 7 of the Dungeon)

   It affects your strength (-2).
   It makes you vulnerable to fire.
   It affects your resistance to hostile enchantments.
   It makes you more stealthy.
 V - a +0 cloak
 W - a +0 troll leather armour (worn)
Magical Staves
 R - an uncursed staff of fire
Jewellery
 a - an amulet of regeneration (around neck)
 e - a +3 ring of protection
 m - an uncursed ring of ice
 r - a +4 ring of slaying (right claw)
 C - an uncursed amulet of harm
 P - the ring "Toehitwo" (left claw) {rF+ MP+9 Dex+10 Stlth-}
   (You bought it in a shop on level 8 of the Dungeon)

   [ring of protection from fire]

   It affects your dexterity (+10).
   It protects you from fire.
   It affects your magic capacity (+9).
   It makes you less stealthy.
 U - an uncursed ring of magical power
Wands
 t - a wand of acid (12)
 A - a wand of random effects (26)
 B - a wand of polymorph (23)
 T - a wand of iceblast (14)
Scrolls
 u - 7 scrolls of remove curse
 v - 4 scrolls of enchant weapon
 y - 2 scrolls of fog
 E - 9 scrolls of identify
 F - 4 scrolls of magic mapping
 H - a scroll of enchant armour
 I - 4 scrolls of teleportation
 O - a scroll of amnesia
Potions
 h - 2 potions of stabbing
 i - 3 potions of flight
 o - a potion of lignification
 p - 2 potions of brilliance
 z - 2 potions of magic
 K - a potion of resistance
 L - 2 potions of heal wounds
 N - 3 potions of curing
 S - 3 potions of haste
Comestibles
 b - 23 rations
 n - 3 chunks of flesh


   Skills:
 + Level 11.0 Fighting
 - Level 8.0 Armour
 - Level 8.0 Dodging
 - Level 1.9 Stealth
 + Level 10.5 Unarmed Combat
 - Level 5.0 Invocations


You had 11 spell levels left.
You didn't know any spells.
Your spell library contained the following spells:

 Spells                   Type           Power        Failure   Level  Hunger
 Animate Skeleton         Necr           N/A          36%         1    ##.....
 Infusion                 Chrm           #...         36%         1    ##.....
 Pain                     Necr           #...         36%         1    ##.....
 Corpse Rot               Necr/Air       N/A          52%         2    ###....
 Poisonous Vapours        Pois/Air       #.....       52%         2    ###....
 Shroud of Golubria       Chrm/Tloc      #.....       52%         2    ###....
 Song of Slaying          Chrm           #.......     52%         2    ###....
 Confusing Touch          Hex            #.......     75%         3    ####...
 Conjure Flame            Conj/Fire      #.......     75%         3    ####...
 Gell's Gravitas          Tloc           #.........   75%         3    ####...
 Mephitic Cloud           Conj/Pois/Air  #.......     75%         3    ####...
 Ozocubu's Armour         Chrm/Ice       #.......     75%         3    ####...
 Spectral Weapon          Hex/Chrm       #.......     75%         3    ####...
 Stone Arrow              Conj/Erth      #.....       75%         3    ####...
 Vampiric Draining        Necr           #.........   75%         3    ####...
 Animate Dead             Necr           N/A          98%         4    #####..
 Petrify                  Tmut/Erth      #.......     98%         4    #####..
 Agony                    Necr           #.......     100%        5    ######.
 Metabolic Englaciation   Hex/Ice        #.........   100%        5    ######.
 Summon Forest            Summ/Tloc      #.........   100%        5    ######.
 Yara's Violent Unravell  Hex/Tmut       #.........   100%        5    ######.
 Eringya's Noxious Bog    Tmut/Pois      #.........   100%        6    #######
 Freezing Cloud           Conj/Ice/Air   #.........   100%        6    #######
 Hydra Form               Tmut           #.........   100%        6    #######
 Ring of Flames           Chrm/Fire      #.........   100%        7    #######
 Summon Hydra             Summ           #.........   100%        7    #######


Dungeon Overview and Level Annotations

Branches:
Dungeon (11/15)            Temple (1/1) D:5            Lair (0/6) D:10
    Orc (0/2) D:10

Altars:
Ashenzari
Cheibriados
Dithmenos
Elyvilon
Fedhas
Gozag
Hepliaklqana
Kikubaaqudgha
Makhleb
Nemelex Xobeh
Okawaru
Qazlal
Ru
Sif Muna
Trog
Uskayaw
Vehumet
Wu Jian
Xom
Yredelemnul
Zin
The Shining One

Shops:
D:7 (?*:?   D:8 *   D:10 }}


Innate Abilities, Weirdness & Mutations

You have claws for hands.
You are completely covered in rugged brown scales. (AC +3, +7% HP)
You regenerate a little health from kills.
You are immune to rotting.


Message History

You feel more protected from physical attacks.
The 12-headed hydra bites you but does no damage.
The 12-headed hydra bites you.
The 12-headed hydra completely misses you.
The 12-headed hydra misses you. x2
The 12-headed hydra completely misses you.
The 12-headed hydra bites you. The 12-headed hydra barely misses you.
The 12-headed hydra bites you but does no damage.
The 12-headed hydra bites you!
* * * LOW HITPOINT WARNING * * *
The 12-headed hydra bites you.
* * * LOW HITPOINT WARNING * * *
The 12-headed hydra misses you. The 12-headed hydra closely misses you.
The 12-headed hydra bites you but does no damage.
You block the 12-headed hydra's attack. The 12-headed hydra closely misses you.
The 12-headed hydra bites you!
* * * LOW HITPOINT WARNING * * *
The 12-headed hydra bites you!
You die...

##.#######
#......... ##
#.........
+..#.........
#.#.........
.°..°§.....
#°..○.....
#D@l......
##########


You could see a 12-headed hydra and a wyvern.

Vanquished Creatures
  Erolcha (D:9)
  Harold (D:7)
  Erica (D:9)
  A two-headed ogre (D:10)
  Pikel (D:7)
  Maurice (D:10)
  2 manticores (D:9)
  A centaur zombie (D:10)
  2 centaur skeletons (D:10)
  Maggie (D:7)
  3 trolls
  A hornet (D:9)
  The ghost of Necrophagist the Conjurer, an amateur HuCj (D:3)
  The ghost of Turtleman12345 the Changer, an amateur OpTm (D:3)
  Sigmund (D:4)
  6 yaks (D:9)
  5 wyverns
  The ghost of Zajic the Cudgeler, an amateur MiBe of Trog (D:3)
  A human (D:9)
  4 water moccasins
  Duvessa (D:7)
  4 black bears
  3 ice beasts
  3 sky beasts
  A hornet zombie (D:7)
  A phantom (D:5)
  9 ogres
  6 orc warriors
  8 centaurs
  3 big kobolds
  8 bullfrogs
  2 gnoll sergeants (D:10)
  A wyvern zombie (D:7)
  Dowan (D:7)
  2 scorpions
  13 killer bees
  8 wights (D:6)
  4 crimson imps
  3 quasits
  2 bullfrog zombies
  4 jellies
  5 orc priests
  2 hounds
  A bullfrog skeleton (D:5)
  10 orc wizards
  Ijyb (D:5)
  3 iguanas
  Terence (D:2)
  6 worker ants
  A killer bee zombie (D:10)
  2 hound skeletons (D:5)
  2 worker ant zombies
  A howler monkey zombie (D:8)
  Robin (D:2)
  10 adders
  11 gnolls
  6 river rats (D:6)
  4 shadow imps
  4 adder skeletons
  A worm (D:4)
  4 dart slugs
  3 leopard geckos
  42 orcs
  8 bats
  2 giant cockroaches
  13 goblins
  11 hobgoblins
  5 jackals
  9 kobolds
  3 quokkas
  3 frilled lizards (D:3)
  A leopard gecko skeleton (D:5)
  23 rats
322 creatures vanquished.

Vanquished Creatures (others)
  3 slaves (D:7)
  A crimson imp (D:7)
  2 orc wizards
6 creatures vanquished.

Grand Total: 328 creatures vanquished

Notes
Turn   | Place    | Note
-------+----------+-------------------------------------------
     0 | D:1      | Harbin the Demonspawn Monk began the quest for the Orb.
     0 | D:1      | Reached XP level 1. HP: 18/18 MP: 1/1
   372 | D:1      | Gained mutation: You regenerate a little health from kills.
                  | [demonic ancestry]
   372 | D:1      | Reached XP level 2. HP: 24/24 MP: 2/2
  1074 | D:2      | Noticed Robin
  1103 | D:2      | Killed Robin
  1103 | D:2      | Gained mutation: You have sharp fingernails. [demonic
                  | ancestry]
  1103 | D:2      | Reached XP level 3. HP: 22/29 MP: 3/3
  1366 | D:2      | Found a shattered altar of Ashenzari.
  1484 | D:2      | Noticed Terence
  1515 | D:2      | Killed Terence
  1515 | D:2      | Reached skill level 1 in Armour
  1515 | D:2      | Gained mutation: You have very sharp fingernails. [demonic
                  | ancestry]
  1515 | D:2      | Reached XP level 4. HP: 3/37 MP: 4/4
  2067 | D:2      | Found a glowing silver altar of Zin.
  2559 | D:3      | Reached skill level 4 in Fighting
  2559 | D:3      | Reached XP level 5. HP: 36/42 MP: 5/5
  2661 | D:3      | Found a runed translucent gate.
  2661 | D:3      | Found a runed translucent gate.
  2662 | D:3      | Found a runed translucent gate.
  2664 | D:3      | Noticed Necrophagist's ghost (amateur HuCj)
  2664 | D:3      | Noticed Zajic's ghost (amateur MiBe)
  2664 | D:3      | Noticed Turtleman12345's ghost (amateur OpTm)
  3458 | D:4      | Found an iron altar of Okawaru.
  3460 | D:4      | Found a hide-covered altar of Uskayaw.
  3460 | D:4      | Found a stormy altar of Qazlal.
  3462 | D:4      | Found a snail-covered altar of Cheibriados.
  3464 | D:4      | Found a shimmering altar of Xom.
  3464 | D:4      | Found a white marble altar of Elyvilon.
  3480 | D:4      | Found a burning altar of Makhleb.
  3501 | D:4      | Became a worshipper of Qazlal Stormbringer
  3501 | D:4      | Reached * piety under Qazlal
  3501 | D:4      | Reached ** piety under Qazlal
  3633 | D:4      | Noticed Sigmund
  3655 | D:4      | Killed Sigmund
  3655 | D:4      | Gained mutation: You are immune to rotting. [demonic
                  | ancestry]
  3655 | D:4      | Reached XP level 6. HP: 45/50 MP: 6/6
  3672 | D:4      | Found a shadowy altar of Dithmenos.
  3719 | D:4      | Reached skill level 5 in Fighting
  3738 | D:4      | Gained mutation: You are partially covered in rugged brown
                  | scales. (AC +1, +3% HP) [demonic ancestry]
  3738 | D:4      | Reached XP level 7. HP: 34/57 MP: 7/7
  3925 | D:4      | Found a glowing golden altar of the Shining One.
  3925 | D:4      | Noticed a wyvern
  3933 | D:4      | Killed a wyvern
  3933 | D:4      | Reached skill level 5 in Unarmed Combat
  4217 | D:3      | Killed Necrophagist's ghost
  4231 | D:3      | Killed Turtleman12345's ghost
  4231 | D:3      | Reached skill level 6 in Fighting
  4231 | D:3      | Reached XP level 8. HP: 55/65 MP: 8/8
  4259 | D:3      | Killed Zajic's ghost
  4347 | D:5      | Entered Level 5 of the Dungeon
  4591 | D:5      | Noticed Ijyb
  4699 | D:5      | Killed Ijyb
  4699 | D:5      | Reached skill level 7 in Fighting
  4853 | D:5      | Reached skill level 5 in Dodging
  5220 | D:5      | Found a staircase to the Ecumenical Temple.
  5229 | Temple   | Entered the Ecumenical Temple
  5555 | D:6      | Reached XP level 9. HP: 64/74 MP: 9/9
  5603 | D:6      | Reached *** piety under Qazlal
  5639 | D:6      | Reached skill level 8 in Fighting
  6210 | D:6      | Found a glowing golden altar of the Shining One.
  6212 | D:6      | Noticed an angel
  6221 | D:6      | Found a basalt altar of Yredelemnul.
  6223 | D:6      | Noticed a profane servitor
  6335 | D:6      | Reached skill level 1 in Invocations
  6349 | D:6      | Reached **** piety under Qazlal
  6405 | D:7      | Found Yned's Magic Scroll Shop.
  6409 | D:7      | Noticed Duvessa
  6412 | D:7      | Noticed Dowan
  6421 | D:7      | Noticed Maggie
  6428 | D:7      | Killed Duvessa
  6444 | D:7      | Killed Dowan
  6455 | D:7      | Killed Maggie
  6455 | D:7      | Gained mutation: You are mostly covered in rugged brown
                  | scales. (AC +2, +5% HP) [demonic ancestry]
  6455 | D:7      | Reached XP level 10. HP: 68/86 MP: 6/11
  6484 | D:7      | Noticed Harold
  6500 | D:7      | Reached skill level 5 in Armour
  6549 | D:7      | Noticed Pikel
  6556 | D:7      | HP: 5/129 [Pikel/+1 whip of freezing (4)]
  6560 | D:7      | Killed Harold
  6572 | D:7      | Reached skill level 9 in Fighting
  6577 | D:7      | Killed Pikel
  6742 | D:7      | Found Opuump's Weapon Shoppe.
  6848 | D:7      | Bought a scroll of magic mapping for 45 gold pieces
  6848 | D:7      | Bought a scroll of magic mapping for 45 gold pieces
  6848 | D:7      | Bought a scroll of identify for 26 gold pieces
  6848 | D:7      | Bought a scroll of identify for 26 gold pieces
  6848 | D:7      | Bought a scroll of enchant armour for 97 gold pieces
  6848 | D:7      | Bought a scroll of identify for 26 gold pieces
  6884 | D:7      | Found Myrghur's Magic Scroll Shoppe.
  6899 | D:7      | Bought a scroll of remove curse for 36 gold pieces
  6899 | D:7      | Bought a scroll of enchant armour for 90 gold pieces
  6899 | D:7      | Bought a scroll of teleportation for 36 gold pieces
  6910 | D:7      | Got a heavily runed ring mail
  6934 | D:7      | Identified the +2 ring mail of Wies {rF- MR+++ Str-2
                  | Stlth+} (You found it on level 7 of the Dungeon)
  6997 | D:7      | Found Pirgh's Book Shoppe.
  7246 | D:7      | Found Wofeut's General Store.
  7527 | D:8      | Reached skill level 5 in Invocations
  7865 | D:8      | Found Wyodgh's Assorted Antiques.
  7883 | D:8      | Bought a fine lapis lazuli ring for 110 gold pieces
  7883 | D:8      | Identified the ring "Toehitwo" {rF+ MP+9 Dex+10 Stlth-}
                  | (You bought it in a shop on level 8 of the Dungeon)
  7977 | D:8      | Found a sacrificial altar of Ru.
  8226 | D:9      | Noticed Erica
  8251 | D:9      | Killed Erica
  8251 | D:9      | Gained mutation: You have claws for hands. [demonic
                  | ancestry]
  8251 | D:9      | Reached XP level 11. HP: 78/93 MP: 14/14
  8473 | D:9      | Noticed Erolcha
  8508 | D:9      | Reached ***** piety under Qazlal
  8526 | D:9      | Killed Erolcha
  8672 | D:9      | Reached skill level 10 in Fighting
  9287 | D:10     | Entered Level 10 of the Dungeon
  9345 | D:10     | Reached skill level 10 in Unarmed Combat
  9391 | D:10     | Found a staircase to the Orcish Mines.
  9491 | D:10     | Found Byif Ging's Gadget Boutique.
  9574 | D:10     | Found a staircase to the Lair.
  9575 | D:10     | Noticed Maurice
  9591 | D:10     | Killed Maurice
  9670 | D:10     | Noticed a two-headed ogre
  9679 | D:10     | Killed a two-headed ogre
  9679 | D:10     | Gained mutation: You are completely covered in rugged brown
                  | scales. (AC +3, +7% HP) [demonic ancestry]
  9679 | D:10     | Reached XP level 12. HP: 72/105 MP: 15/15
  9912 | D:10     | Found Jirucati's Gadget Shop.
 10046 | D:10     | Reached skill level 11 in Fighting
 10210 | D:11     | Noticed a seven-headed hydra
 10217 | D:11     | Slain by a 12-headed hydra

Illustrated notes

Levels and vault maps discovered:
D:1:      dpeg_arrival_connections, layout_basic
D:2:      layout_loops_corners, nicolae_overflow_crystal_walls,
          ashenzari_altar_1, kennysheep_generic_room_12, uniq_terence,
          uniq_robin
D:3:      cheibrodos_pilgrimage, layout_basic, first_ration,
          gammafunk_ghost_cemetery, minmay_distorted
D:4:      layout_cave_pools, grunt_temple_overflow_open, lemuel_crystal_altar,
          tso_altar, uniq_sigmund
D:5:      layout_cave_pods, minmay_temple_entry_drinking_statues, uniq_ijyb
D:6:      layout_basic, grunt_temple_overflow_holy_war, st_stairs_10,
          dk_rats_in_the_wall
D:7:      black_bear_nest_2, layout_basic, serial_shops, shop, shop,
          kennysheep_mini_moat, shop, kennysheep_little_box, uniq_harold,
          uniq_duvessa, uniq_pikel, uniq_maggie
D:8:      layout_basic, marbit_many_paths, serial_shops,
          nicolae_shop_overgrown_old_shop
D:9:      minmay_quarter_circles, layout_basic, grunt_pizzeria, uniq_erica,
          uniq_erolcha
D:10:     layout_roguey, lair_entry_dummy,
          kennysheep_orc_monster_closet_entryway, serial_shops, shop,
          nicolae_shop_stone, uniq_maurice
D:11:     layout_roguey, uniq_grum, uniq_fannar, uniq_psyche
Temple:   jpeg_temple_island

Skill      XL: |  1  2  3  4  5  6  7  8  9 10 11 12 |
---------------+-------------------------------------+-----
Unarmed Combat | 3 4 5 7 8 9 10 | 10.5
Dodging        | 3 4 5 6 8 |  8.0
Armour         | 1 2 3 4 6 8 |  8.0
Fighting       | 4 5 6 7 8 9 10 11 | 11.0
Invocations    | 2 5 |  5.0
Stealth        | |  1.9

Action                   |  1- 3 |  4- 6 |  7- 9 | 10-12 || total
-------------------------+-------+-------+-------+-------++-------
Melee: Unarmed           |   130 |   209 |   422 |   434 ||  1195
       Punch             |       |     6 |     9 |    35 ||    50
Throw: Boomerang         |       |       |       |     6 ||     6
Invok: Upheaval          |       |       |     2 |       ||     2
  Use: Scroll            |     3 |     6 |     6 |    12 ||    27
       Potion            |       |       |     2 |     2 ||     4
 Stab: Sleeping          |     5 |       |       |       ||     5
  Eat: Chunk             |     2 |     7 |     9 |     6 ||    24
       Ration            |       |       |       |     2 ||     2
Armor: Chain mail        |    11 |       |       |       ||    11
       Leather armour    |    13 |       |       |       ||    13
       Ring mail         |    13 |       |       |       ||    13
       Scale mail        |       |    81 |   164 |    30 ||   275
       Skin              |       |       |       |    38 ||    38
       Steam dragon scal |       |       |       |    68 ||    68
       Troll leather arm |       |       |       |    19 ||    19
Dodge: Dodged            |    67 |    69 |   185 |   270 ||   591
       Repelled          |       |       |       |     7 ||     7
Block: Other             |       |     1 |    36 |   129 ||   166

Table legend:
 A = Non-vault XP
 B = Vault XP
 C = Vault XP percentage of total XP
 D = Non-vault monster count
 E = Vault monster count
 F = Vault count percentage of total count
                 A         B        C        D         E       F
            +---------+---------+-------+---------+---------+-------
      Total |   11834 |   10730 |  47.6 |     215 |     108 |  33.4
            +---------+---------+-------+---------+---------+-------
        D:1 |      23 |       0 |   0.0 |      12 |       0 |   0.0
        D:2 |      66 |      75 |  53.2 |      17 |      14 |  45.2
        D:3 |     103 |     777 |  88.3 |      18 |      11 |  37.9
        D:4 |     478 |     220 |  31.5 |      15 |       1 |   6.2
        D:5 |     877 |      39 |   4.3 |      26 |       1 |   3.7
        D:6 |    1814 |     303 |  14.3 |      33 |      24 |  42.1
        D:7 |    1754 |    2366 |  57.4 |      32 |       6 |  15.8
        D:8 |     881 |     122 |  12.2 |      23 |       1 |   4.2
        D:9 |    1453 |    5194 |  78.1 |      10 |      29 |  74.4
       D:10 |    4385 |    1634 |  27.1 |      29 |      21 |  42.0
            +---------+---------+-------+---------+---------+-------
